 Dungeon Crawl Stone Soup version 0.31.0-12-g77e489cdc1 (webtiles) character file.

Game seed: 3247273197669379884

63 Ijustatesigmund the Trooper (level 4, -3/29 HPs)
             Began as a Gargoyle Fighter on Feb 22, 2024.
             Slain by an orc
             ... wielding a +0 flail
              (7 damage)
             ... on level 2 of the Dungeon.
             The game lasted 00:01:15 (724 turns).

Ijustatesigmund the Trooper (Gargoyle Fighter)       Turns: 724, Time: 00:01:16

Health: -3/29      AC: 10    Str: 19    XL:     4   Next: 10%
Magic:  4/4        EV:  9    Int: 11    God:
Gold:   17         SH:  4    Dex:  9    Spells: 3/3 levels left

rFire   . . .        a - +0 flail
rCold   . . .        c - +0 buckler
rNeg    + . .        b - +0 scale mail
rPois   ∞            (no helmet)
rElec   +            (no cloak)
rCorr   .            (no gloves)
SInv    .            (no boots)
Will    .....        (no amulet) Stlth
                     (no ring)
HPRegen 0.24/turn    (no ring)
MPRegen 0.09/turn

%: no passive effects
@: mighty
A: sickness immunity, AC +3, negative energy resistance 1, electricity
resistance, torment resistance 1, petrification resistance
a: no special abilities


You were on level 2 of the Dungeon.
You visited 1 branch of the dungeon, and saw 2 of its levels.

You collected 17 gold pieces.

Inventory:

Hand Weapons
 a - a +0 flail (weapon)
Armour
 b - a +0 scale mail (worn)
 c - a +0 buckler (worn)
Magical Staves
 e - a staff of earth
Scrolls
 f - a scroll of teleportation {unknown}
 g - a scroll of identify {unknown}


   Skills:
 + Level 4.1 Fighting
 * Level 3.6 Maces & Flails
 - Level 3.2 Armour
 - Level 3.2 Shields


You had 3 spell levels left.
You didn't know any spells.
Your spell library was empty.

Dungeon Overview and Level Annotations

Branches:
Dungeon (2/15)

Altars:


Innate Abilities, Weirdness & Mutations

You are immune to sickness and miasma.
Your stone body is resilient. (AC +3)
You are immune to poison.
You resist negative energy. (rN+)
You are resistant to electric shocks. (rElec)
You are resistant to unholy torment.
You are immune to petrification.


Message History

An adder comes into view.
Natasha howls an incantation.
You feel troubled. Natasha claws you.
The cerulean imp hits you from afar with a +2 spear.
The cerulean imp hits you but does no damage.
The orc closely misses you. x2; The orc completely misses you.
You barely miss Natasha.
The adder hisses angrily.
Natasha howls an incantation.
You feel troubled. Natasha closely misses you. The cerulean imp misses you.
The cerulean imp hits you from afar with a +0 spear.
The orc closely misses you.
You block the orc's attack. x2; Natasha claws you.
You sock Natasha!
Natasha is severely wounded.
The cerulean imp closely misses you.
The cerulean imp hits you but does no damage.
The orc misses you. The orc hits you with a +0 war axe.
* * * LOW HITPOINT WARNING * * *
The orc closely misses you. Natasha claws you but does no damage.
You block the cerulean imp's attack.
You sock Natasha!
You kill Natasha!
Natasha screams in fury as she dies!
The cerulean imp disappears in a puff of smoke! x2
The orc barely misses you. You block the orc's attack. x2
Your Fighting skill increases to level 4!
You have reached level 4!
You feel clever.
You hit the orc.
The orc is heavily wounded.
The kobold hits you but does no damage. The orc hits you but does no damage.
The orc closely misses you. You block the orc's attack.
You bludgeon the orc!!
You kill the orc!
The kobold hits you with a +0 short sword.
* * * LOW HITPOINT WARNING * * *
The orc hits you with a +0 flail!
You die...

..#...#....##
###...........#
............... ##.
..#..............
####..##.#...§..........
.............§.§........
.........#.....§o)......
.........#......@o......
.........#.......KS.....
.....)...##.............
.........###..†..#.....#
.^............)######..#
...........#......# ..
#########.#...###...# .
##..#.### #..
######..##.# #


You could see an adder, 2 orcs and a kobold.

Vanquished Creatures
  Natasha (D:2)
  An adder (D:2)
  A dart slug (D:1)
  2 orcs (D:2)
  2 endoplasms
  3 goblins (D:1)
  2 hobgoblins (D:1)
  2 kobolds
  3 quokkas (D:1)
  A ball python (D:1)
  4 bats (D:1)
  A frilled lizard (D:1)
  3 rats (D:1)
26 creatures vanquished.

Notes
Turn   | Place    | Note
-------+----------+-------------------------------------------
     0 | D:1      | Ijustatesigmund the Gargoyle Fighter began the quest for
                  | the Orb.
     0 | D:1      | Reached XP level 1. HP: 14/14 MP: 1/1
   116 | D:1      | Reached XP level 2. HP: 19/19 MP: 2/2
   364 | D:1      | Reached XP level 3. HP: 24/24 MP: 3/3
   712 | D:2      | Noticed Natasha
   722 | D:2      | Killed Natasha
   723 | D:2      | Reached skill level 4 in Fighting
   723 | D:2      | Reached XP level 4. HP: 7/29 MP: 4/4
   724 | D:2      | Slain by an orc

Illustrated notes

Levels and vault maps discovered:
D:1:      lightli_arrival_boilingwater, layout_loops_ring
D:2:      minmay_spotlight, layout_rooms, uniq_terence, uniq_natasha

Skill      XL: |  1  2  3 |
---------------+----------+-----
Maces & Flails | 3 |  3.6
Fighting       | 4 |  4.1
Armour         | |  3.2
Shields        | |  3.2

Action                     |  1- 3 |  4- 6 || total
---------------------------+-------+-------++-------
  Melee: Flail             |    78 |     2 ||    80
    Use: Potion            |     2 |       ||     2
 Armour: Scale mail        |    77 |     4 ||    81
  Dodge: Dodged            |    52 |     1 ||    53
  Block: Buckler           |    26 |     1 ||    27
